 Dungeon Crawl Stone Soup version 0.32-a0-450-g080537f31e (webtiles) character file.

Game seed: 18237291076329404072

18123 bearlyready the Cleaver (level 12, 0/97 HPs)
             Began as a Coglin Monk on Feb 23, 2024.
             Was a High Priest of Okawaru.
             Slain by a skeletal warrior
             ... wielding a +1 mace
              (12 damage)
             ... on level 12 of the Dungeon.
             The game lasted 00:28:06 (14122 turns).

bearlyready the Cleaver (Coglin Monk)              Turns: 14122, Time: 00:28:06

Health: 0/97       AC: 12    Str: 17    XL:     12   Next: 55%
Magic:  17/17      EV: 12    Int: 10    God:    Okawaru [*****.]
Gold:   641        SH:  0    Dex: 16    Spells: 11/11 levels left

rFire   . . .        M - +2 hand axe (elec) {Xue}
rCold   . . .        N - +0 war axe {Ermengarde}
rNeg    . . .        A - +2 leather armour {Will+}
rPois   .            m - +2 hat
rElec   .            (no cloak)
rCorr   .            E - +0 pair of gloves
SInv    .            (no boots)
Will    ++...        (no amulet)
Stlth   +            y - +4 ring of protection
HPRegen 0.36/turn    C - ring of willpower
MPRegen 0.15/turn

%: no passive effects
@: revving
A: off-hand wielding, slow wielding, warmup strikes, legs shutdown
a: Renounce Religion, Heroism, Finesse, Duel


You were on level 12 of the Dungeon.
You worshipped Okawaru.
Okawaru was extremely pleased with you.
You visited 2 branches of the dungeon, and saw 13 of its levels.
You also visited: Sewer and Ossuary.

You collected 732 gold pieces.
You spent 91 gold pieces at shops.

Inventory:

Hand Weapons
 a - a +1 hand axe {Guillermo}
 M - a +2 hand axe of electrocution (weapon) {Xue}
 N - a +0 war axe (offhand) {Ermengarde}
Missiles
 q - 32 poisoned darts
 z - a curare-tipped dart
 F - a silver javelin
 G - 6 boomerangs (quivered)
 J - 4 javelins
Armour
 d - an orb of light
 m - a +2 hat (worn)
 A - a +2 leather armour of willpower (worn)
 E - a +0 pair of gloves (worn)
Jewellery
 c - a ring of fire
 l - a ring of protection from cold
 y - a +4 ring of protection (left grasper)
 C - a ring of willpower (right grasper)
 S - a ring of magical power
Wands
 b - a wand of quicksilver (15)
 h - a wand of polymorph (3)
 o - a wand of flame (22)
 u - a wand of roots (4)
 D - a wand of mindburst (6)
Scrolls
 f - 4 scrolls of brand weapon
 g - 4 scrolls of enchant armour
 j - a scroll of torment
 k - 2 scrolls of enchant weapon
 p - 2 scrolls of teleportation
 s - 2 scrolls of poison
 t - 2 scrolls of noise
 K - a scroll of vulnerability
 O - 3 scrolls of fear
Potions
 e - 7 potions of curing
 i - 5 potions of degeneration
 r - 3 potions of invisibility
 v - 3 potions of haste
 w - 5 potions of brilliance
 x - 2 potions of magic
 B - a potion of resistance
 H - 2 potions of ambrosia
 I - 3 potions of berserk rage
 L - a potion of mutation
 Q - a potion of attraction {unknown}
 R - 2 potions of enlightenment {unknown}
Miscellaneous
 P - a lightning rod (4/4)


   Skills:
 + Level 9.8 Fighting
 + Level 14.3 Axes
 + Level 0.5 Armour
 + Level 2.8 Dodging
 - Level 7.0 Invocations
 + Level 10.1 Evocations


You had 11 spell levels left.
You didn't know any spells.
Your spell library contained the following spells:

 Spells                   Type           Power      Damage    Failure   Level
 Shock                    Conj/Air       0%         1d3       41%         1
 Ensorcelled Hibernation  Hex/Ice        0%         N/A       56%         2
 Dazzling Flash           Conj/Hex       0%         N/A       80%         3
 Gell's Gravitas          Tloc           0%         N/A       80%         3
 Passwall                 Erth           0%         N/A       80%         3
 Swiftness                Air            0%         N/A       80%         3
 Teleport Other           Tloc           0%         N/A       80%         3
 Volatile Blastmotes      Fire/Tloc      0%         2d10      80%         3
 Airstrike                Air            0%         2d(0-16)  99%         4
 Dispersal                Tloc           0%         N/A       100%        6
 Starburst                Conj/Fire      0%         6d3       100%        6
 Maxwell's Capacitive Co  Air            0%         ∞         100%        8


Dungeon Overview and Level Annotations

Branches:
Dungeon (12/15)            Temple (1/1) D:4            Lair (0/5) D:10
    Orc (0/2) D:10          Sewer (visited)         Ossuary (visited)

Altars:
Ashenzari
Cheibriados
Dithmenos
Elyvilon
Fedhas
Gozag
Hepliaklqana
Kikubaaqudgha
Makhleb
Nemelex Xobeh
Okawaru
Qazlal
Sif Muna
Trog
Uskayaw
Vehumet
Wu Jian
Xom
Yredelemnul
Zin

Shops:
D:8 [   D:9 *

Portals:
Trove: D:11 (give 11 potions of heal wounds)


Innate Abilities, Weirdness & Mutations

You can wield a second weapon in your off-hand.
It takes a long time for you to wield or remove held weapons.
Your first few attacks do less damage.
Attacking and casting redirects power from your legs.


Message History

You completely miss the skeletal warrior with your +0 war axe.
The skeletal warrior is moderately damaged.
You hit the skeletal warrior but do no damage.
You closely miss the skeletal warrior with your +2 hand axe of electrocution.
The skeletal warrior is moderately damaged.
You barely miss the skeletal warrior with your +0 war axe.
The skeletal warrior hits you with a +1 mace!
* * * LOW HITPOINT WARNING * * *
You closely miss the skeletal warrior with your +2 hand axe of electrocution.
The skeletal warrior is moderately damaged.
You hit the skeletal warrior with your +0 war axe.
The skeletal warrior hits you with a +1 mace!!
* * * LOW HITPOINT WARNING * * *
Aiming: Mindburst
Press: ? - help, Shift-Dir - straight line, f - skeletal warrior
Aim: a skeletal warrior, wielding a +1 mace (heavily damaged, chance to affect: 30%)
Okay, then.
Okay, then.
You feel much better.
You are no longer unable to travel.
The skeletal warrior barely misses you.
Aiming: Fastroot
Press: ? - help, Shift-Dir - straight line, f - skeletal warrior
Aim: a skeletal warrior, wielding a +1 mace (moderately damaged)
The roots erupt in riotous growth!
Roots grab the skeletal warrior.
The grasping roots constrict the skeletal warrior.
The skeletal warrior hits you with a +1 mace!
* * * LOW HITPOINT WARNING * * *
The grasping roots constrict the skeletal warrior.
The roots release their grip on the skeletal warrior.
You see here a +0 halberd.
Aiming: Fastroot
Press: ? - help, Shift-Dir - straight line, f/p - skeletal warrior
Aim: a skeletal warrior, wielding a +1 mace (heavily damaged)
The roots erupt in riotous growth!
Roots grab the skeletal warrior.
The grasping roots constrict the skeletal warrior.
The skeletal warrior hits you with a +1 mace!
You die...

#######
#...@.#
#..<#z#
########)#+##
............#
######......#
#......#####
#...........
#.|....#####
#......#####


You could see a skeletal warrior (rooted).

Vanquished Creatures
  A boulder beetle (D:10)
  A centaur warrior (D:10)
  A two-headed ogre (D:8)
  A death yak (D:10)
  9 skeletal warriors
  2 manticores
  A wolf spider (D:10)
  2 cyclopes
  Joseph (D:8)
  Jeremiah (D:9)
  3 kobold demonologists (D:10)
  A komodo dragon (D:11)
  An unseen horror (D:11)
  Psyche (D:11)
  An efreet (D:10)
  5 wyverns
  Eustachio (D:4)
  A wraith (D:11)
  A steam dragon (D:6)
  2 wargs (D:10)
  Grum (D:8)
  A basilisk (D:10)
  2 acid dragons
  2 orc warriors (D:10)
  A sky beast (D:6)
  6 black bears
  2 ice beasts
  2 wolves (D:8)
  A centaur (D:10)
  A phantom (D:5)
  3 kobold brigands
  5 bullfrogs
  2 scorpions (Ossuary)
  A water moccasin zombie (Ossuary)
  24 wights
  11 killer bees
  A howler monkey (D:5)
  A jelly (D:5)
  A bombardier beetle (D:4)
  A bullfrog zombie (Ossuary)
  A hound (D:4)
  4 orc priests
  An iron imp (D:5)
  5 iguanas
  Ijyb (D:3)
  2 sleepcaps (D:6)
  7 orc wizards
  A scorpion zombie (Ossuary)
  A mummy (D:6)
  A gnoll (D:1)
  11 adders
  8 river rats (Sewer)
  A shadow imp (D:7)
  A white imp (D:7)
  5 adder zombies (Ossuary)
  13 dart slugs
  2 ribbon worms
  36 orcs
  5 endoplasms
  8 giant cockroaches
  6 hobgoblins
  9 jackals
  45 kobolds
  2 quokkas
  14 ball pythons
  6 bats
  8 frilled lizards
  3 gnoll zombies (Ossuary)
  9 goblins
  2 goblin zombies (Ossuary)
  3 hobgoblin zombies
  6 orc zombies
  25 rats
358 creatures vanquished.

Notes
Turn   | Place    | Note
-------+----------+-------------------------------------------
     0 | D:1      | bearlyready the Coglin Monk began the quest for the Orb.
     0 | D:1      | Reached XP level 1. HP: 18/18 MP: 1/1
    13 | D:1      | Reached XP level 2. HP: 20/24 MP: 2/2
    22 | D:1      | Reached skill level 4 in Axes
    49 | D:1      | Reached XP level 3. HP: 25/29 MP: 3/3
   830 | D:2      | Reached XP level 4. HP: 35/35 MP: 4/4
  1368 | D:3      | Reached skill level 5 in Axes
  1547 | D:3      | Found a snail-covered altar of Cheibriados.
  1558 | D:3      | Reached XP level 5. HP: 28/41 MP: 5/5
  1675 | D:3      | Noticed Ijyb
  1692 | D:3      | Killed Ijyb
  2154 | D:3      | Reached skill level 6 in Axes
  2211 | D:3      | Reached XP level 6. HP: 31/47 MP: 6/6
  2459 | D:4      | Found a glowing drain.
  2489 | Sewer    | Entered a sewer
  2713 | Sewer    | Reached skill level 7 in Axes
  3054 | Sewer    | Reached XP level 7. HP: 39/52 MP: 7/7
  3321 | D:4      | Reached skill level 8 in Axes
  3367 | D:4      | Found a white marble altar of Elyvilon.
  3395 | D:4      | Found a staircase to the Ecumenical Temple.
  3445 | Temple   | Entered the Ecumenical Temple
  3568 | D:4      | Found a broken altar of Ashenzari.
  3755 | D:4      | Noticed Eustachio
  3784 | D:4      | Killed Eustachio
  4074 | D:4      | Reached skill level 9 in Axes
  4218 | D:4      | Found a hazy altar of Hepliaklqana.
  4229 | D:4      | Found a blossoming altar of Fedhas.
  4360 | D:5      | Entered Level 5 of the Dungeon
  4407 | D:5      | Reached XP level 8. HP: 17/58 MP: 8/8
  4968 | D:5      | Found a burning altar of Makhleb.
  4978 | D:5      | Reached skill level 10 in Axes
  5526 | D:6      | Identified the +0 shortbow of Impatience {drain, rN+ Will+
                  | Str+5}
  5761 | D:6      | Reached skill level 11 in Axes
  5774 | D:6      | Found a sand-covered staircase.
  5784 | Ossuary  | Entered an ossuary
  5998 | Ossuary  | Reached XP level 9. HP: 62/64 MP: 9/9
  6039 | Ossuary  | Noticed a silent spectre
  6476 | D:6      | Found an iron altar of Okawaru.
  6493 | D:6      | Became a worshipper of Warmaster Okawaru
  6493 | D:6      | Reached * piety under Okawaru
  6493 | D:6      | Reached ** piety under Okawaru
  6590 | D:6      | Reached skill level 1 in Invocations
  6816 | D:6      | Found a radiant altar of Vehumet.
  6860 | D:6      | Reached skill level 5 in Fighting
  7338 | D:7      | Found a bloodstained altar of Trog.
  7386 | D:7      | Reached skill level 12 in Axes
  7532 | D:7      | Reached *** piety under Okawaru
  7723 | D:7      | Found a glowing silver altar of Zin.
  7938 | D:7      | Found a basalt altar of Yredelemnul.
  8170 | D:8      | Noticed a manticore
  8170 | D:8      | Found a hide-covered altar of Uskayaw.
  8173 | D:8      | Killed a manticore
  8174 | D:8      | Reached XP level 10. HP: 76/76 MP: 12/12
  8279 | D:8      | Noticed Joseph
  8304 | D:8      | Killed Joseph
  8724 | D:8      | Noticed Grum
  8728 | D:8      | Reached **** piety under Okawaru
  8732 | D:8      | Killed Grum
  8885 | D:8      | Noticed a two-headed ogre
  8909 | D:8      | Killed a two-headed ogre
  8915 | D:8      | Reached skill level 5 in Evocations
  9131 | D:8      | Found Uriti's Armour Shoppe.
  9604 | D:9      | Noticed Jeremiah
  9608 | D:9      | Killed Jeremiah
 10066 | D:9      | Reached skill level 13 in Axes
 10134 | D:9      | Found Caseo's General Store.
 10143 | D:9      | Bought a potion of curing for 39 gold pieces
 10143 | D:9      | Bought a scroll of fear for 52 gold pieces
 10165 | D:9      | Reached XP level 11. HP: 84/84 MP: 14/14
 10369 | D:10     | Entered Level 10 of the Dungeon
 10469 | D:10     | Noticed a centaur warrior
 10731 | D:10     | Reached ***** piety under Okawaru
 10732 | D:10     | Reached skill level 5 in Invocations
 10830 | D:10     | Found an ornate altar of the Wu Jian Council.
 10958 | D:10     | Noticed a death yak
 10969 | D:10     | Killed a death yak
 10988 | D:10     | Found a staircase to the Lair.
 11693 | D:10     | Found a staircase to the Orcish Mines.
 11833 | D:10     | Killed a centaur warrior
 11896 | D:10     | Received a gift from Okawaru
 11936 | D:10     | Noticed a cyclops
 11944 | D:10     | Killed a cyclops
 11966 | D:10     | Noticed a wolf spider
 11973 | D:10     | Killed a wolf spider
 11996 | D:10     | Noticed a skeletal warrior
 11999 | D:10     | Noticed a boulder beetle
 12011 | D:10     | Killed a skeletal warrior
 12032 | D:10     | Killed a boulder beetle
 12180 | D:10     | Noticed a purple ugly thing
 12281 | D:11     | Noticed a skeletal warrior
 12281 | D:11     | Noticed a skeletal warrior
 12295 | D:11     | Killed a skeletal warrior
 12302 | D:11     | Killed a skeletal warrior
 12303 | D:11     | Reached XP level 12. HP: 16/95 MP: 16/16
 12763 | D:11     | Received a gift from Okawaru
 12806 | D:11     | Reached skill level 14 in Axes
 13420 | D:11     | Noticed Psyche
 13425 | D:11     | Killed Psyche
 13559 | D:11     | Found a portal to a secret trove of treasure.
 14065 | D:12     | Received a gift from Okawaru
 14066 | D:12     | Reached skill level 10 in Evocations
 14122 | D:12     | Slain by a skeletal warrior

Illustrated notes

Levels and vault maps discovered:
D:1:      lightli_arrival_chessboard, layout_rooms
D:2:      layout_basic
D:3:      kennysheep_slugbush, layout_rooms, general_overflow_altar,
          kennysheep_generic_room_6, uniq_ijyb
D:4:      layout_loops_cross, amethyst_overflow_temple_binary,
          marbit_many_paths, mainiacjoe_overflow_catwalk,
          minmay_temple_entry_ruins, portal_sewer_entry_f, uniq_eustachio
D:5:      layout_basic, demons_altar
D:6:      layout_basic, okawaru_altar_gauntlet_db, lemuel_tele_altar,
          nicolae_ossuary_entry_giza
D:7:      layout_gridville, mainiacjoe_overflow_concentric_impassable,
          old_standard_altar, zin_statuary
D:8:      layout_rooms, nicolae_uskayaw_dance_hall, serial_shops,
          nicolae_shop_getting_attention, minivault_1, uniq_joseph, uniq_grum
D:9:      layout_long_grid, nicolae_overflow_hidden_temple, serial_shops, shop,
          uniq_jeremiah
D:10:     minmay_sliced_demisemicircle, layout_loops_ring,
          nzn_wu_jian_contemplation, david_lair_generic, david_orc_1_choice
D:11:     layout_basic, nicolae_trove_entry_crystal, uniq_psyche
D:12:     layout_basic
Temple:   nicolae_temple_superstar

Skill      XL: |  1  2  3  4  5  6  7  8  9 10 11 12 |
---------------+-------------------------------------+-----
Axes           | 4 5 6 7 9 11 12 13 14 | 14.3
Fighting       | 6 7 9 |  9.8
Invocations    | 3 4 6 7 |  7.0
Evocations     | 2 6 8 10 | 10.1
Armour         | |  0.5
Dodging        | |  2.8

Action                     |  1- 3 |  4- 6 |  7- 9 | 10-12 || total
---------------------------+-------+-------+-------+-------++-------
  Melee: Hand axe          |    71 |   279 |   388 |   349 ||  1087
         Dagger            |       |    20 |   349 |       ||   369
         War axe           |       |       |    30 |   331 ||   361
  Throw: Dart              |       |     3 |       |       ||     3
         Boomerang         |       |       |       |     2 ||     2
 Invoke: Heroism           |       |       |       |     2 ||     2
  Evoke: Wand              |       |     1 |     2 |    16 ||    19
         Lightning rod     |       |       |       |     2 ||     2
    Use: Potion            |     1 |     3 |     1 |     6 ||    11
         Scroll            |       |       |    11 |     9 ||    20
   Stab: Sleeping          |       |       |     1 |       ||     1
 Armour: Robe              |    49 |    23 |       |       ||    72
         Leather armour    |       |    36 |   200 |   219 ||   455
         Ring mail         |       |   138 |       |       ||   138
         Skin              |       |     1 |       |    15 ||    16
  Dodge: Dodged            |    55 |   163 |   205 |   137 ||   560

Table legend: (Time is in decaauts)
 A = Elapsed time spent in this place.
 B = Non-inter-level travel time spent in this place.
 C = Inter-level travel time spent in this place.
 D = Time resting spent in this place.
 E = Time spent auto-exploring this place.
 F = Levels seen in this place.
 G = Mean time per level.
                   A        B        C        D        E       F      G
               +--------+--------+--------+--------+--------+-----+--------+
         Total |  13937 |  13341 |    596 |    844 |  10129 |  15 |  929.1 |
       Dungeon |  12844 |  12249 |    595 |    844 |   9382 |  12 | 1070.3 |
        Temple |      1 |      1 |      0 |      0 |      0 |   1 |    1.0 |
         Sewer |    720 |    720 |      0 |      0 |    477 |   1 |  720.0 |
       Ossuary |    369 |    369 |      0 |      0 |    270 |   1 |  369.0 |
               +--------+--------+--------+--------+--------+-----+--------+

Top non-repeatable levels by time:
    D:11: 1782 daAuts
    D:10: 1588 daAuts
     D:4: 1416 daAuts
     D:9: 1284 daAuts
     D:6: 1265 daAuts
     D:3: 1115 daAuts
     D:8: 1099 daAuts
     D:2: 1038 daAuts
     D:5: 948 daAuts
     D:7: 824 daAuts
   Sewer: 720 daAuts
     D:1: 387 daAuts
 Ossuary: 369 daAuts
    D:12: 93 daAuts
  Temple: 1 daAuts
